 Dungeon Crawl Stone Soup version 0.20-a0-81-g6e69d53 (webtiles) character file.

133 sveltemanboy the Bolt Thrower (level 4, 0/36 HPs)
             Began as a Centaur Hunter on Nov 20, 2016.
             Slain by a worker ant (4 damage)
             ... on level 4 of the Dungeon.
             The game lasted 00:07:06 (3230 turns).

sveltemanboy the Bolt Thrower (Centaur Hunter)      Turns: 3230, Time: 00:07:07

Health: 0/36       AC:  5    Str: 15    XL:     4   Next: 93%
Magic:  4/4        EV:  8    Int: 11    God:
Gold:   116        SH:  0    Dex:  9    Spells: 0 memorised, 3 levels left

rFire  . . .     SeeInvis +     e - +0 mace (curse)
rCold  . . .     Gourm    .     g - +0 ring mail
rNeg   . . .     Faith    .     (no shield)
rPois  .         Spirit   .     m - +0 hat {SInv}
rElec  .         Reflect  .     (no cloak)
rCorr  .         Harm     .     (no gloves)
MR     .....                    (no barding)
Stlth  ..........               (no amulet)
                                (no ring)
                                b - ring of wizardry

@: heavily drained, very quick
A: hooves 3, deformed body, speed 2, tough skin 3
a: no special abilities


You were on level 4 of the Dungeon.
You were not hungry.

You visited 1 branch of the dungeon, and saw 4 of its levels.

You collected 116 gold pieces.

Inventory:

Hand Weapons
 a - a +2 hand crossbow
 e - a cursed +0 mace (weapon)
Missiles
 d - 71 bolts
Armour
 g - a +0 ring mail (worn)
 m - a +0 hat of see invisible (worn)
Jewellery
 b - a ring of wizardry (left hand)
Scrolls
 j - 2 scrolls of identify
 l - a scroll of enchant weapon
Potions
 i - a potion of curing
Comestibles
 c - 3 chunks of flesh
 f - 3 bread rations
 k - a beef jerky


   Skills:
 - Level 2.0(0.0) Fighting
 * Level 6.2(3.2) Crossbows
 + Level 2.4(0.0) Dodging
 - Level 0.4(0.0) Stealth


You had 3 spell levels left.
You didn't know any spells.

Dungeon Overview and Level Annotations

Branches:
Dungeon (4/15)
 Temple: D:4-7

Altars:
Xom

Annotations:
D:3 namnharef's ghost, amateur HESk


Innate Abilities, Weirdness & Mutations

You have hooves in place of feet.
Armour fits poorly on your strangely shaped body.
You cover ground very quickly.
You have extremely tough skin. (AC +3)


Message History

You kick the worker ant, but do no damage.
The worker ant bites you.
* * * LOW HITPOINT WARNING * * *
You are poisoned.
The worker ant poisons you! The worker ant bites you.
* * * LOW HITPOINT WARNING * * *
You feel better. The worker ant bites you.
* * * LOW HITPOINT WARNING * * *
You hit the worker ant. You kick the worker ant.
The worker ant is lightly wounded.
The worker ant barely misses you. The worker ant bites you.
* * * LOW HITPOINT WARNING * * *
You hit the worker ant.
The worker ant is lightly wounded.
The worker ant bites you.
* * * LOW HITPOINT WARNING * * *
You barely miss the worker ant.
The worker ant is lightly wounded.
The worker ant bites you.
You die...

≈≈≈≈##
....#####
#........
#<..# #...#
##...###.#
#.........
##a#..###.#
#@###....
#......##
#.###
#.##.## ##
#. .. #. #


You could see a worker ant.

Vanquished Creatures
  Terence (D:2)
  Ijyb (D:2)
  A hound skeleton (D:4)
  An adder (D:2)
  A worm (D:2)
  2 dart slugs (D:3)
  2 leopard geckos
  7 bats
  4 giant cockroaches
  3 goblins (D:1)
  4 hobgoblins
  6 jackals (D:1)
  8 kobolds
  A quokka (D:2)
  2 frilled lizards
  4 rats
48 creatures vanquished.

Vanquished Creatures (others)
  An adder (D:4)
  A giant cockroach (D:4)
  A quokka (D:4)
  A frilled lizard (D:4)
4 creatures vanquished.

Grand Total: 52 creatures vanquished

Notes
Turn   | Place    | Note
-------+----------+-------------------------------------------
     0 | D:1      | sveltemanboy the Centaur Hunter began the quest for the Orb.
     0 | D:1      | Reached XP level 1. HP: 17/17 MP: 1/1
   234 | D:1      | Reached XP level 2. HP: 22/24 MP: 2/2
   562 | D:1      | Reached skill level 5 in Crossbows
   758 | D:1      | Reached XP level 3. HP: 27/29 MP: 3/3
   992 | D:2      | Noticed Ijyb
  1321 | D:2      | Noticed Terence
  1330 | D:2      | Killed Terence
  1460 | D:2      | Reached XP level 4. HP: 32/36 MP: 4/4
  1572 | D:2      | Killed Ijyb
  2452 | D:3      | Reached skill level 6 in Crossbows
  2512 | D:3      | Noticed namnharef's ghost (amateur HESk)
  3212 | D:4      | Found a shimmering altar of Xom.
  3212 | D:4      | Noticed an ogre
  3230 | D:4      | Slain by a worker ant

Vault maps used:
D:1:      dpeg_arrival_shelter
D:2:      uniq_iyjb, uniq_terence
D:4:      serial_shops, shop, xom_confusion_cloud

Skill      XL: |  1  2  3  4 |
---------------+-------------+-----
Crossbows      | 5 6 |  6.2
Dodging        | 2 |  2.4
Fighting       | |  2.0
Stealth        | |  0.4

Action                   |  1- 3 |  4- 6 || total
-------------------------+-------+-------++-------
Melee: Mace              |   127 |   106 ||   233
       Kick              |    23 |    22 ||    45
  Use: Scroll            |     4 |     5 ||     9
       Potion            |     1 |     4 ||     5
  Eat: Meat ration       |     1 |       ||     1
       Chunk             |       |     1 ||     1
Armor: Leather armour    |    10 |       ||    10
       Ring mail         |    60 |    63 ||   123
       Skin              |       |     9 ||     9
Dodge: Dodged            |    59 |    62 ||   121
